 Dungeon Crawl Stone Soup version 0.17.0-56-gd8de76c (webtiles) character file.

1015 Clownie the Fighter (level 8, -3/78 HPs)
             Began as a Ghoul Fighter on Dec 5, 2015.
             Slain by Prince Ribbit (13 damage)
             ... on level 6 of the Dungeon.
             The game lasted 00:07:55 (4676 turns).

Clownie the Fighter (Ghoul Fighter)                 Turns: 4676, Time: 00:07:55

Health: -3/78      AC: 10    Str: 22    XL:     8   Next: 21%
Magic:  7/7        EV:  7    Int:  3    God:
Gold:   230        SH:  4    Dex:  8    Spells: 0 memorised, 7 levels left

rFire  . . .     SeeInvis .     a - +0 war axe
rCold  + . .     Clarity  .     w - +0 chain mail
rNeg   + + +     SustAt   .     n - +0 buckler
rPois  ∞         Gourm    .     p - +0 helmet
rElec  .         Spirit   .     (no cloak)
rCorr  .         Warding  .     (no gloves)
rMut   .         Stasis   .     (no boots)
MR     .....                    (no amulet)
Stlth  ..........               (no ring)
                                (no ring)

@: rotting, not resistant to hostile enchantments, extremely unstealthy
A: rotting body, claws 1, carnivore 3, cold resistance 1, negative energy
resistance 3, slow regeneration 1, torment resistance, unbreathing
a: no special abilities


You were on level 6 of the Dungeon.
You were not hungry.

You visited 1 branch of the dungeon, and saw 6 of its levels.
You also visited: Sewer.

You collected 230 gold pieces.

Inventory:

Hand Weapons
 a - a +0 war axe (weapon)
Armour
 c - a +0 shield
 n - a +0 buckler (worn)
 p - a +0 helmet (worn)
 w - a +0 chain mail (worn)
Wands
 b - a wand of draining (12)
 u - a wand of magic darts (22)
 y - a wand of random effects (37)
Scrolls
 d - a scroll of magic mapping {unknown}
 g - 2 scrolls of identify
 i - 5 scrolls of fog
 k - 4 scrolls of remove curse
 m - a scroll of recharging
 r - a scroll of teleportation
 s - a scroll of noise
 A - 2 scrolls of fear {unknown}
Potions
 f - a potion of lignification
 h - 2 potions of resistance
 j - a potion of degeneration {unknown}
 l - a potion of invisibility
 q - a potion of haste {unknown}
 v - a potion of cure mutation {unknown}
 z - 2 potions of poison {unknown}
 B - a potion of magic {unknown}
Comestibles
 e - 2 meat rations
 t - a beef jerky


   Skills:
 - Level 9.1 Fighting
 - Level 3.0 Axes
 + Level 3.7 Armour
 - Level 4.0 Shields


You had 7 spell levels left.
You didn't know any spells.

Dungeon Overview and Level Annotations

Branches:
Dungeon (6/15)             Temple (0/1) D:4

Altars:
Gozag
Qazlal

Shops:
D:4 *

Annotations:
D:6 Prince Ribbit; karlm's ghost, novice DEWz


Innate Abilities, Weirdness & Mutations

Your body is rotting away.
You thrive on raw meat.
You are immune to poison.
You have sharp fingernails.
You are carnivorous and can eat meat at any time.
Your flesh is cold resistant.
You are immune to negative energy.
You regenerate slowly when monsters are visible.
You are immune to unholy pain and torment.
You can survive without breathing.


Message History

You barely miss the gnoll.
The gnoll is heavily wounded.
You hit the gnoll.
The gnoll is moderately wounded.
You slash the gnoll!
You kill the gnoll!
The gnoll hits you with a whip.
* * * LOW HITPOINT WARNING * * *
The gnoll closely misses you. The gnoll hits you but does no damage.
You closely miss the gnoll.
The gnoll is heavily wounded.
You closely miss the gnoll.
The gnoll is moderately wounded.
You hit the gnoll.
The gnoll is moderately wounded.
The gnoll hits you with a spear.
* * * LOW HITPOINT WARNING * * *
The gnoll hits you but does no damage. x2
Prince Ribbit hits you!
You die...

#.........##..§§#
#.........##....#
#.......g.......#
#.....÷#####....#
#......#####.....
#......#.........
########......#.####...#
#......)g.....# ##.###
#......@g...## ###...##
#......Fg...# #......#
#...........# #.#....#
#.(.........# #.##.#.#
#...........# #....#.#
#...........# ..####.#
#...........# ##.####.#
#...........# #.#.....
#(....%.....# #.#....#


You could see Prince Ribbit and 3 gnolls.

Vanquished Creatures
  A phantom (D:4)
  An ogre (D:4)
  A centaur (D:5)
  A crocodile (Sewer)
  A giant frog (D:5)
  A crimson imp (D:5)
  A centaur zombie (D:5)
  3 jellies
  A hound (D:5)
  2 giant frog skeletons
  4 worker ants (D:5)
  2 orc wizards (D:4)
  A gnoll (D:6)
  9 adders
  A shadow imp (D:5)
  2 oozes (D:3)
  An adder skeleton (D:6)
  2 adder zombies
  6 giant geckos
  14 orcs
  2 ball pythons
  7 goblins
  5 hobgoblins
  13 jackals
  9 bats
  9 giant cockroaches
  A giant gecko skeleton (D:6)
  6 giant newts
  A jackal skeleton (D:6)
  5 kobolds
  3 quokkas
  A quokka skeleton (D:4)
  8 rats
125 creatures vanquished.

Vanquished Creatures (others)
  5 toadstools (D:1)
5 creatures vanquished.

Grand Total: 130 creatures vanquished

Notes
Turn   | Place    | Note
--------------------------------------------------------------
     0 | D:1      | Clownie the Ghoul Fighter began the quest for the Orb.
     0 | D:1      | Reached XP level 1. HP: 19/19 MP: 0/0
   124 | D:1      | Reached XP level 2. HP: 16/26 MP: 1/1
   548 | D:2      | Reached XP level 3. HP: 28/31 MP: 2/2
  1378 | D:3      | Reached XP level 4. HP: 35/38 MP: 3/3
  1956 | D:4      | Found a staircase to the Ecumenical Temple.
  1992 | D:4      | Reached skill level 4 in Shields
  2062 | D:4      | Found an opulent altar of Gozag.
  2066 | D:4      | Found Gozag's Platinum Reserve.
  2086 | D:4      | Found a stormy altar of Qazlal.
  2151 | D:4      | Reached XP level 5. HP: 28/45 MP: 4/4
  2305 | D:4      | Noticed a phantom
  2333 | D:4      | Killed a phantom
  2333 | D:4      | Reached skill level 5 in Fighting
  2333 | D:4      | Reached XP level 6. HP: 39/56 MP: 5/5
  2502 | D:4      | Noticed an ogre
  2606 | D:5      | Entered Level 5 of the Dungeon
  2765 | D:5      | Reached skill level 6 in Fighting
  2895 | D:5      | Reached skill level 7 in Fighting
  2895 | D:5      | Reached XP level 7. HP: 38/66 MP: 6/6
  3063 | D:5      | Found a glowing drain.
  3078 | Sewer    | Entered a sewer
  3147 | Sewer    | Reached skill level 8 in Fighting
  3679 | D:4      | Killed an ogre
  3679 | D:4      | Reached skill level 9 in Fighting
  3679 | D:4      | Reached XP level 8. HP: 55/76 MP: 7/7
  4085 | D:6      | Noticed Prince Ribbit
  4365 | D:6      | Noticed karlm's ghost (novice DEWz)
  4676 | D:6      | Slain by Prince Ribbit

Action                   |  1- 3 |  4- 6 |  7- 9 || total
-------------------------+-------+-------+-------++-------
Melee: War axe           |   102 |   175 |   199 ||   476
  Use: Potion            |       |     5 |     3 ||     8
       Scroll            |       |     5 |       ||     5
 Stab: Invisible         |       |       |     2 ||     2
  Eat: Chunk             |     2 |    18 |    16 ||    36
